 Dungeon Crawl Stone Soup version 0.31-a0-564-g3b7de120b3 (webtiles) character file.

Game seed: 2698272164316300688

779 heikuro the Shield-Bearer (level 8, -4/62 HPs)
             Began as a Formicid Fighter on Aug 18, 2023.
             Was a Follower of Okawaru.
             Slain by a gnoll sergeant
             ... wielding a +3 spear of venom
              (10 damage)
             ... on level 5 of the Dungeon.
             The game lasted 00:10:55 (3245 turns).

heikuro the Shield-Bearer (Formicid Fighter)        Turns: 3245, Time: 00:10:55

Health: -4/62      AC: 16    Str: 32    XL:     8   Next: 10%
Magic:  0/9        EV: 12    Int: 10    God:    Okawaru [*.....]
Gold:   148        SH:  6    Dex: 11    Spells: 7/7 levels left

rFire   . . .        b - +2 short sword (drain)
rCold   . . .        c - +0 buckler
rNeg    . . .        y - quicksilver dragon scales of the Many Underlurkers {+Inv Will+ Str+9 Int+2 Dex-2}
rPois   .            (helmet unavailable)
rElec   .            w - +0 cloak
rCorr   .            (no gloves)
SInv    +            k - +0 pair of boots
Will    +....        e - amulet of guardian spirit
Stlth   ++           (no ring)
HPRegen 0.30/turn    (no ring)
MPRegen 0.11/turn

%: guardian spirit
@: lethally poisoned (-4 -> -16), heroic
A: permanent stasis, dig shafts and tunnels, antennae 3, four strong arms
a: Dig, Shaft Self, Renounce Religion, Evoke Invisibility, Heroism


You were on level 5 of the Dungeon.
You worshipped Okawaru.
Okawaru was aware of your devotion.
You visited 1 branch of the dungeon, and saw 5 of its levels.

You collected 148 gold pieces.

Inventory:

Hand Weapons
 a - a +0 war axe
 b - a +2 short sword of draining (weapon)
 B - the +7 staff of the Meek {protect, meekguard}
   (You found it on level 4 of the Dungeon)
 C - a +2 dagger of venom
Missiles
 p - 2 throwing nets
 t - 6 curare-tipped darts (quivered)
 u - 9 poisoned darts
Armour
 c - a +0 buckler (worn)
 k - a +0 pair of boots (worn)
 w - a +0 cloak (worn)
 y - the quicksilver dragon scales of the Many Underlurkers (worn) {+Inv Will+ Str+9 Int+2 Dex-2}
   (You found it on level 3 of the Dungeon)

   Str+9:     It affects your strength (+9).
   Int+2:     It affects your intelligence (+2).
   Dex-2:     It affects your dexterity (-2).
   Will+:     It increases your willpower.
   +Inv:      It lets you turn invisible.
Jewellery
 e - an amulet of guardian spirit (around neck)
 l - a ring of flight
Wands
 d - a wand of mindburst (25)
 q - a wand of polymorph (9)
Scrolls
 i - 2 scrolls of teleportation {unknown}
 m - a scroll of blinking {unknown}
 n - a scroll of noise {unknown}
 o - a scroll of vulnerability {unknown}
 x - 3 scrolls of immolation {unknown}
 A - a scroll of fear {unknown}
Potions
 f - 4 potions of curing {unknown}
 g - 3 potions of enlightenment {unknown}
 h - 3 potions of haste {unknown}
 j - a potion of resistance {unknown}
 r - a potion of magic {unknown}
 s - a potion of attraction {unknown}
 v - a potion of invisibility {unknown}
 z - a potion of heal wounds {unknown}


   Skills:
 + Level 5.2(10.2) Fighting
 * Level 5.5(10.5) Axes
 + Level 5.1(10.1) Armour
 + Level 6.2(11.2) Shields
 + Level 2.1 Invocations


You had 7 spell levels left.
You didn't know any spells.
Your spell library contained the following spells:

 Spells                   Type           Power      Damage    Failure   Level
 Lesser Beckoning         Tloc           0%         N/A       63%         2
 Gell's Gravitas          Tloc           0%         N/A       86%         3
 Teleport Other           Tloc           0%         N/A       86%         3


Dungeon Overview and Level Annotations

Branches:
Dungeon (5/15)
 Temple: D:4-7

Altars:
Okawaru

Shops:
D:1 *   D:2 !

Annotations:
D:4 Eustachio, Robin


Innate Abilities, Weirdness & Mutations

You cannot be hasted, slowed, berserked, paralysed or teleported.
You can dig through walls and to a lower floor.
You have a pair of large antennae on your head. (SInv)
Your four strong arms can wield two-handed weapons with a shield.


Message History

The centaur hits you but does no damage.
The centaur misses you. You block the centaur's attack.
The centaur closely misses you.
The gnoll sergeant hits you from afar with a +3 spear of venom.
A gnoll comes into view. It is wielding a +0 flail.
You feel sick.
The centaur wields a +0 shortbow.
The centaur shoots an arrow.
The arrow closely misses you.
The gnoll moves out of view.
Okay, then.
You gain the combat prowess of a mighty hero.
You can no longer gain great but temporary skills.
The sentinel's mark upon you fades away.
You feel sick.
The centaur shoots an arrow.
The arrow barely misses you.
You feel sick.
The centaur unwields a +0 shortbow.
The centaur hits you but does no damage.
The centaur barely misses you.
The centaur hits you but does no damage.
You block the centaur's attack.
The gnoll sergeant hits you but does no damage.
You are more poisoned.
You barely miss the centaur.
The centaur is almost dead.
You feel sick.
The centaur hits you but does no damage.
The centaur kicks you but does no damage.
You barely miss the centaur.
The centaur is almost dead.
You feel sick.
The gnoll sergeant hits you from afar with a +3 spear of venom.
* * * LOW HITPOINT WARNING * * *
You are lethally poisoned!
The centaur hits you but does no damage.
You block the centaur's attack.
You hit the centaur but do no damage. You drain the centaur.
You kill the centaur!
Okawaru accepts your kill.
You can now gain great but temporary skills.
* * * LOW HITPOINT WARNING * * *
You feel very sick.
The gnoll sergeant hits you from afar with a +3 spear of venom!
You die... #.# #.# .# #.# .# #.# # ### {###,## #.# #... {{{ ... #.# #.# {{{gg

###.######.#.#
o#s## >.......#.#
#.####gog.#
##.####..##
##..@h.o# #.
###.###.####l...#
#. ##.#.##
....%/. #. ##.##
.###### #. #.# .#
#(########.# .O,
#..........# .#
############ .#


You could see a gnoll sergeant, a scorpion, an iguana (very drained), 3 gnolls,
2 orcs and a jackal.

Vanquished Creatures
  Sigmund (D:3)
  3 ogres
  A centaur (D:5)
  A phantom (D:4)
  2 hounds
  An iguana (D:4)
  Crazy Yiuf (D:3)
  Ijyb (D:2)
  A sleepcap (D:4)
  3 adders
  2 white imps
  2 worms
  A dart slug (D:3)
  3 orcs
  7 ball pythons
  6 bats
  5 endoplasms
  2 giant cockroaches
  13 goblins
  5 hobgoblins
  9 jackals
  4 kobolds
  5 quokkas
  6 frilled lizards
  3 rats
88 creatures vanquished.

Notes
Turn   | Place    | Note
-------+----------+-------------------------------------------
     0 | D:1      | heikuro the Formicid Fighter began the quest for the Orb.
     0 | D:1      | Reached XP level 1. HP: 18/18 MP: 1/1
   117 | D:1      | Reached XP level 2. HP: 20/24 MP: 2/2
   396 | D:1      | Found Kefil's Assorted Antiques.
   573 | D:1      | Reached XP level 3. HP: 28/29 MP: 3/3
  1346 | D:2      | Noticed Ijyb
  1356 | D:2      | Killed Ijyb
  1357 | D:2      | Reached XP level 4. HP: 26/37 MP: 2/4
  1526 | D:2      | Found Nacvuh's Distillery.
  1900 | D:3      | Reached XP level 5. HP: 39/41 MP: 5/5
  2025 | D:3      | Identified the quicksilver dragon scales of the Many
                  | Underlurkers {+Inv Will+ Str+9 Int+2 Dex-2}
  2266 | D:3      | Noticed Sigmund
  2300 | D:3      | Killed Sigmund
  2301 | D:3      | Reached skill level 5 in Shields
  2301 | D:3      | Reached XP level 6. HP: 25/49 MP: 3/6
  2565 | D:3      | Found a runed translucent door.
  2566 | D:3      | Noticed Crazy Yiuf
  2575 | D:3      | Killed Crazy Yiuf
  2704 | D:4      | Found an iron altar of Okawaru.
  2716 | D:4      | Reached XP level 7. HP: 50/55 MP: 5/7
  2717 | D:4      | Found the +7 staff of the Meek {protect, meekguard}
  2730 | D:4      | Became a worshipper of Warmaster Okawaru
  2995 | D:4      | Reached skill level 1 in Invocations
  3035 | D:4      | Reached skill level 5 in Axes
  3036 | D:4      | Noticed Robin
  3040 | D:4      | Noticed Eustachio
  3056 | D:5      | Entered Level 5 of the Dungeon
  3163 | D:5      | Reached skill level 5 in Fighting
  3163 | D:5      | Reached skill level 6 in Shields
  3172 | D:5      | Reached skill level 5 in Armour
  3231 | D:5      | Reached * piety under Okawaru
  3232 | D:5      | Reached XP level 8. HP: 29/62 MP: 4/9
  3245 | D:5      | Slain by a gnoll sergeant

Illustrated notes

Levels and vault maps discovered:
D:1:      lemuel_arrival_muddy, layout_loops_cross, serial_shops, shop
D:2:      kennysheep_the_goblin_king, layout_loops_corners, serial_shops,
          nicolae_shop_back_alley_shop
D:3:      layout_basic, nicolae_the_louvre, uniq_crazy_yiuf_cottage,
          uniq_sigmund
D:4:      layout_basic, mainiacjoe_overflow_tiny_flanked,
          overflow_temple_1_default, uniq_eustachio, uniq_robin
D:5:      layout_loops_ring, tso_altar, nicolae_ossuary_entry_ruins, uniq_ijyb

Skill      XL: |  1  2  3  4  5  6  7 |
---------------+----------------------+-----
Axes           | 3 4 5 |  5.5
Fighting       | 4 5 |  5.2
Armour         | 4 5 |  5.1
Shields        | 5 6 |  6.2
Invocations    | 2 |  2.1

Action                     |  1- 3 |  4- 6 |  7- 9 || total
---------------------------+-------+-------+-------++-------
  Melee: War axe           |    82 |    60 |    37 ||   179
         Short sword       |       |    58 |    54 ||   112
 Invoke: Heroism           |       |       |     1 ||     1
    Use: Potion            |     1 |       |       ||     1
 Armour: Scale mail        |    43 |    16 |       ||    59
         Quicksilver drago |       |    20 |    50 ||    70
  Dodge: Dodged            |    40 |    47 |    44 ||   131
  Block: Buckler           |    22 |    27 |    22 ||    71

Table legend: (Time is in decaauts)
 A = Elapsed time spent in this place.
 B = Non-inter-level travel time spent in this place.
 C = Inter-level travel time spent in this place.
 D = Time resting spent in this place.
 E = Time spent auto-exploring this place.
 F = Levels seen in this place.
 G = Mean time per level.
                   A        B        C        D        E       F      G
               +--------+--------+--------+--------+--------+-----+--------+
         Total |   3308 |   3163 |    145 |     41 |   2204 |   5 |  661.6 |
       Dungeon |   3308 |   3163 |    145 |     41 |   2204 |   5 |  661.6 |
               +--------+--------+--------+--------+--------+-----+--------+

Top non-repeatable levels by time:
     D:3: 917 daAuts
     D:2: 912 daAuts
     D:1: 881 daAuts
     D:4: 403 daAuts
     D:5: 194 daAuts
